 Dungeon Crawl Stone Soup version 0.28-a0-1524-ge72afd5fc6 (webtiles) character file.

Game seed: 13904406542575984982

438 Pin the Skirmisher (level 7, 0/53 (56) HPs)
             Began as a Formicid Abyssal Knight on Jan 17, 2022.
             Was a Believer of Lugonu.
             Slain by a necrophage (6 damage)
             ... on level 5 of the Dungeon.
             The game lasted 00:09:46 (5762 turns).

Pin the Skirmisher (Formicid Abyssal Knight)        Turns: 5762, Time: 00:09:47

HP:   0/53 (56)     AC: 11    Str: 19    XL:     7   Next: 21%
MP:   10/10         EV:  8    Int: 10    God:    Lugonu [**....]
Gold: 165           SH:  0    Dex: 17    Spells: 6/6 levels left

rFire   + . .      SeeInvis +   u - +0 war axe
rCold   . . .      Faith    +   (no shield)
rNeg    . . .      Spirit   .   d - +0 chain mail
rPois   .          Reflect  .   (helmet unavailable)
rElec   .          Harm     .   (no cloak)
rCorr   .          Rampage  .   b - +0 pair of gloves
Will    .....                   (no boots)
Stlth   ..........              m - amulet of faith
HPRegen 0.17/turn               p - ring of protection from fire
MPRegen 0.12/turn               w - +6 ring of dexterity

@: studying Maces & Flails, drained
A: permanent stasis, dig shafts and tunnels, antennae 3, four strong arms
a: Dig, Shaft Self, Renounce Religion, Depart the Abyss, Bend Space


You were on level 5 of the Dungeon.
You worshipped Lugonu.
Lugonu was pleased with you.
You visited 1 branch of the dungeon, and saw 5 of its levels.
You visited the Abyss 1 time.

You collected 165 gold pieces.

Inventory:

Hand Weapons
 u - a +0 war axe (weapon)
Armour
 b - a +0 pair of gloves (worn)
 d - a +0 chain mail (worn)
Jewellery
 k - an amulet of guardian spirit
 m - an amulet of faith (around neck)
 o - an amulet of the acrobat
 p - a ring of protection from fire (left hand)
 w - a +6 ring of dexterity (right hand)
Wands
 l - a wand of iceblast (9)
Scrolls
 a - a scroll of enchant armour {unknown}
 g - a scroll of identify
 h - 3 scrolls of enchant weapon
 n - 3 scrolls of vulnerability {unknown}
 q - 2 scrolls of amnesia {unknown}
 r - a scroll of fog {unknown}
 v - a scroll of teleportation {unknown}
Potions
 c - a potion of lignification {unknown}
 e - 3 potions of curing
 f - a potion of invisibility {unknown}
 i - a potion of brilliance {unknown}
 j - 2 potions of might
 s - 2 potions of attraction {unknown}
 t - a potion of flight {unknown}


   Skills:
 + Level 5.5 Fighting
 - Level 2.0 Axes
 + Level 4.9 Armour
 - Level 0.8 Dodging
 + Level 5.2 Invocations


You had 6 spell levels left.
You didn't know any spells.
Your spell library was empty.

Dungeon Overview and Level Annotations

Branches:
Dungeon (5/15)
 Temple: D:4-7

Altars:

Shops:
D:1 =(


Innate Abilities, Weirdness & Mutations

You cannot be hasted, slowed, berserked, paralysed or teleported.
You can dig through walls and to a lower floor.
You have a pair of large antennae on your head. (SInv)
Your four strong arms can wield two-handed weapons with a shield.


Message History

You hit the necrophage.
The necrophage is moderately damaged.
The necrophage hits you.
A gnoll comes into view. It is wielding a +0 whip.
The necrophage hits you but does no damage.
The gnoll moves out of view.
You barely miss the necrophage.
The necrophage is moderately damaged.
The necrophage hits you but does no damage.
A gnoll comes into view.
It is wielding a +2 flail of protection.
You barely miss the necrophage.
The necrophage is moderately damaged.
The gnoll shouts!
The necrophage hits you. x2; You feel drained.
You hit the necrophage.
The necrophage is moderately damaged.
The necrophage hits you.
You barely miss the necrophage.
The necrophage is moderately damaged.
The necrophage hits you but does no damage.
You closely miss the necrophage.
The necrophage is moderately damaged.
The necrophage barely misses you.
The necrophage hits you but does no damage.
You hit the necrophage.
The necrophage is heavily damaged.
The necrophage hits you.
The gnoll sergeant hits you from afar with a +5 vorpal trident.
You hit the necrophage.
The necrophage is heavily damaged.
The necrophage hits you.
You feel drained.
The gnoll sergeant hits you from afar with a +5 vorpal trident!
The necrophage hits you but does no damage.
The gnoll sergeant hits you from afar with a +5 vorpal trident!
* * * LOW HITPOINT WARNING * * *
x2 You open the door.
There is an open door here.
There is a stone staircase leading up here.
The necrophage hits you.
You die...

.. #...# #.... ##
#.#.# ...
#########.#.##.#
#(........#....##
#..[.............
#...†@..........#
#.....nh.....#
#######'#...##
.... {#.#...#
.... #{...##
..... #{####
..... #g# {
.....)#.#
......#g## {


You could see a necrophage and a hound.

Vanquished Creatures
  A sky beast (D:5)
  A centaur (D:4)
  A howler monkey (D:4)
  2 iguanas (D:4)
  An orc wizard (D:3)
  5 adders
  An ufetubus (D:4)
  3 adder skeletons (D:4)
  A worm (D:3)
  5 dart slugs
  8 orcs
  3 endoplasms
  5 giant cockroaches
  7 hobgoblins
  7 quokkas
  A ball python (D:1)
  2 frilled lizards
  9 goblins
  13 kobolds
  8 rats
84 creatures vanquished.

Notes
Turn   | Place    | Note
-------+----------+-------------------------------------------
     0 | Abyss:1  | Pin the Formicid Abyssal Knight began the quest for the
                  | Orb.
     0 | Abyss:1  | Reached XP level 1. HP: 18/18 MP: 2/2
    66 | Abyss:1  | Noticed a raiju
    69 | D:1      | Escaped the Abyss
   123 | D:1      | Reached * piety under Lugonu
   276 | D:1      | Reached XP level 2. HP: 9/24 MP: 3/3
   627 | D:1      | Found Zeasawiz's Jewellery Shop.
   634 | D:1      | Found Pufuef's Weapon Emporium.
  1174 | D:1      | Reached XP level 3. HP: 30/30 MP: 5/5
  2173 | D:2      | Reached XP level 4. HP: 14/37 MP: 6/6
  3127 | D:3      | Reached ** piety under Lugonu
  3240 | D:3      | Found a faded altar of an unknown god.
  3384 | D:3      | Reached XP level 5. HP: 43/43 MP: 7/7
  4476 | D:4      | Reached XP level 6. HP: 34/49 MP: 9/9
  4678 | D:4      | Reached skill level 5 in Fighting
  5671 | D:5      | Entered Level 5 of the Dungeon
  5671 | D:5      | Noticed a sky beast
  5685 | D:5      | Killed a sky beast
  5686 | D:5      | Reached skill level 5 in Invocations
  5686 | D:5      | Reached XP level 7. HP: 51/56 MP: 10/10
  5762 | D:5      | Slain by a necrophage

Illustrated notes

Levels and vault maps discovered:
D:1:      lightli_arrival_boilingwater, layout_basic, serial_shops, shop_statue,
          shop_fountains, minmay_pentomino_t4
D:2:      layout_loops_cross
D:3:      layout_basic, ebering_ecumenical_altar_petrified
D:4:      minmay_opposing_rooms, layout_basic, minmay_manual_maat
D:5:      layout_basic, minmay_temple_entry_slanted, serial_glass,
          glass_columns_a, glass_columns_a, pf_guarded_unrand_woodcutter

Skill      XL: |  1  2  3  4  5  6 |
---------------+-------------------+-----
Invocations    | 3 4 5 |  5.2
Armour         | 3 4 |  4.9
Fighting       | 4 5 |  5.5
Axes           | |  2.0
Dodging        | |  0.8

Action                   |  1- 3 |  4- 6 |  7- 9 || total
-------------------------+-------+-------+-------++-------
Melee: Hand axe          |   112 |   116 |       ||   228
       Punch             |     1 |     4 |       ||     5
       War axe           |       |    45 |    10 ||    55
Invok: Depart the Abyss  |     1 |       |       ||     1
 Abil: Dig               |     1 |       |       ||     1
  Use: Scroll            |       |     3 |       ||     3
       Potion            |       |     1 |       ||     1
Armor: Chain mail        |    49 |   113 |     6 ||   168
       Leather armour    |     2 |       |       ||     2
Dodge: Dodged            |    28 |    64 |     2 ||    94

Table legend: (Time is in decaauts)
 A = Elapsed time spent in this place.
 B = Non-inter-level travel time spent in this place.
 C = Inter-level travel time spent in this place.
 D = Time resting spent in this place.
 E = Time spent auto-exploring this place.
 F = Levels seen in this place.
 G = Mean time per level.
                   A        B        C        D        E       F      G
               +--------+--------+--------+--------+--------+-----+--------+
         Total |   5828 |   5714 |    114 |   1950 |   2953 |   6 |  971.3 |
       Dungeon |   5759 |   5645 |    114 |   1950 |   2898 |   5 | 1151.8 |
         Abyss |     69 |     69 |      0 |      0 |     55 |   1 |   69.0 |
               +--------+--------+--------+--------+--------+-----+--------+

Top non-repeatable levels by time:
     D:4: 1879 daAuts
     D:1: 1426 daAuts
     D:2: 1391 daAuts
     D:3: 964 daAuts
     D:5: 98 daAuts
 Abyss:1: 69 daAuts
